 Dungeon Crawl Stone Soup version 0.28.0-1-gb440e238dd (webtiles) character file.

Game seed: 5059336641323983727

577 funkygono the Firebug (level 7, -1/38 HPs)
             Began as a Gargoyle Fire Elementalist on Feb 21, 2022.
             Slain by a wyvern (8 damage)
             ... on level 5 of the Dungeon.
             The game lasted 00:10:30 (4974 turns).

funkygono the Firebug (Gargoyle Fire Elementalist)  Turns: 4974, Time: 00:10:31

Health: -1/38      AC: 11    Str: 17    XL:     7   Next: 35%
Magic:  13/14      EV: 12    Int: 18    God:
Gold:   231        SH:  5    Dex: 10    Spells: 5/15 levels left

rFire   . . .      SeeInvis +   h - +3 whip
rCold   . . .      Faith    .   (no shield)
rNeg    + . .      Spirit   .   a - +0 robe
rPois   ∞          Reflect  +   r - +2 helmet
rElec   +          Harm     .   (no cloak)
rCorr   .          Rampage  .   e - +1 pair of gloves
Will    .....                   (no boots)
Stlth   ++........              o - amulet of reflection
HPRegen 0.12/turn               i - +6 ring of strength
MPRegen 0.14/turn               q - ring of see invisible

@: no status effects
A: sickness immunity, AC +4, negative energy resistance 1, electricity
resistance, torment resistance 1, petrification resistance
a: no special abilities


You were on level 5 of the Dungeon.
You visited 1 branch of the dungeon, and saw 5 of its levels.

You collected 231 gold pieces.

Inventory:

Hand Weapons
 h - a +3 whip (weapon)
Missiles
 d - 171 stones
Armour
 a - a +0 robe (worn)
 e - a +1 pair of gloves (worn)
 n - a +0 leather armour
 r - a +2 helmet (worn)
Magical Staves
 t - a staff of poison
Jewellery
 g - an amulet of guardian spirit
 i - a +6 ring of strength (left hand)
 o - an amulet of reflection (around neck)
 q - a ring of see invisible (right hand)
Wands
 k - a wand of paralysis (3)
Scrolls
 p - a scroll of fog
 u - 2 scrolls of teleportation
Potions
 b - a potion of degeneration {unknown}
 c - a potion of ambrosia {unknown}
 f - a potion of flight
 j - 2 potions of brilliance
 l - a potion of heal wounds {unknown}
 m - 2 potions of curing


   Skills:
 + Level 1.0 Fighting
 + Level 1.9 Dodging
 - Level 2.1 Stealth
 * Level 4.7 Spellcasting
 * Level 3.7 Conjurations
 * Level 5.4 Fire Magic


You had 5 spell levels left.
You knew the following spells:

 Your Spells              Type           Power      Damage    Failure   Level
a - Foxfire               Conj/Fire      80%        2x1d8     1%          1
b - Scorch                Fire           46%        2d7       2%          2
c - Conjure Flame         Conj/Fire      20%        6-21      6%          3
d - Flame Wave            Conj/Fire      20%        2d7       21%         4

Your spell library contained the following spells:

 Spells                   Type           Power      Damage    Failure   Level
 Inner Flame              Hex/Fire       14%        N/A       13%         3
 Gell's Gravitas          Tloc           4%         N/A       38%         3
 Lesser Beckoning         Tloc           4%         N/A       38%         3
 Teleport Other           Tloc           4%         N/A       38%         3


Dungeon Overview and Level Annotations

Branches:
Dungeon (5/15)
 Temple: D:4-7

Altars:
Nemelex Xobeh
Okawaru
Qazlal

Shops:
D:1 !(*


Innate Abilities, Weirdness & Mutations

You are immune to sickness and miasma.
Your stone body is resilient. (AC +4)
You are immune to poison.
You resist negative energy. (rN+)
You are resistant to electric shocks. (rElec)
You are resistant to unholy torment.
You are immune to petrification.


Message History

The orc priest shouts!
A wyvern comes into view.
There are monsters nearby!
The wyvern hisses angrily.
You hear a shout!
An orc priest comes into view. It is wielding a +0 club.
Casting: Foxfire (safe; 1% risk of failure)
Confirm with . or Enter, or press ? or * to list all spells.
You conjure some foxfire!
The orc priest looks braver for a moment.
Casting: Foxfire (safe; 1% risk of failure)
Confirm with . or Enter, or press ? or * to list all spells.
You conjure some foxfire!
The foxfire hits the wyvern.
The wyvern is lightly wounded.
The orc priest invokes the aid of Beogh against you.
Beogh smites you!
The foxfire hits the wyvern.
The wyvern is lightly wounded.
Casting: Foxfire (safe; 1% risk of failure)
Confirm with . or Enter, or press ? or * to list all spells.
You conjure some foxfire!
The foxfire hits the wyvern but does no damage.
The wyvern is lightly wounded.
The foxfire hits the wyvern but does no damage.
The wyvern is lightly wounded.
Unknown command.
Your foxfire dissipates!
The wyvern bites you but does no damage.
The orc priest looks satisfied for a moment.
The wyvern barely misses you. The wyvern bites you.
You block the wyvern's attack.
The orc priest invokes the aid of Beogh against you.
Beogh smites you!
* * * LOW HITPOINT WARNING * * *
You see here an adder skeleton.
The wyvern bites you but does no damage.
You block the wyvern's attack.
Things that are here:
a +0 scale mail; a +0 dagger The wyvern bites you!
You die...

#.# ###..# ###. #..
#####...## #...
#.###.....### ##.##
#.....##### #..#
######..#### ###.##
........# ###<..#
.######<# ####....##
.######[#####.......#
.......@...)..##........
########l#######....####
#[# #....# #
#.##########.# ##.####
###..#.........<.
.......
#####÷.....##########.
.......####.o...##.###
.......#...o######.#
.[....)..#### ###


You could see a wyvern.

Vanquished Creatures
  Eustachio (D:4)
  An ice beast (D:5)
  A necrophage (D:5)
  An orc priest (D:3)
  2 jellies (D:5)
  Ijyb (D:4)
  A gnoll (D:1)
  4 adders
  3 worms
  3 dart slugs
  13 orcs
  7 bats
  4 endoplasms
  8 giant cockroaches
  5 goblins
  2 hobgoblins (D:2)
  6 jackals
  2 kobolds (D:3)
  4 quokkas
  7 ball pythons
  3 frilled lizards
  3 rats
82 creatures vanquished.

Vanquished Creatures (others)
  276 foxfires
276 creatures vanquished.

Grand Total: 358 creatures vanquished

Notes
Turn   | Place    | Note
-------+----------+-------------------------------------------
     0 | D:1      | funkygono the Gargoyle Fire Elementalist began the quest
                  | for the Orb.
     0 | D:1      | Reached XP level 1. HP: 10/10 MP: 3/3
   104 | D:1      | Found Soibbiem's Weapon Shop.
   293 | D:1      | Found Saoxt's General Store.
   460 | D:1      | Reached XP level 2. HP: 15/15 MP: 1/5
   507 | D:1      | Learned a level 2 spell: Scorch
   609 | D:1      | Found Plog's Distillery.
   797 | D:1      | Found Kounoase's Assorted Antiques.
   944 | D:2      | Reached XP level 3. HP: 16/19 MP: 1/6
   964 | D:2      | Learned a level 3 spell: Conjure Flame
  1919 | D:3      | Reached XP level 4. HP: 24/24 MP: 6/8
  2039 | D:3      | Reached skill level 4 in Fire Magic
  2602 | D:3      | Found an iron altar of Okawaru.
  2860 | D:3      | Reached XP level 5. HP: 28/28 MP: 7/9
  2865 | D:3      | Learned a level 4 spell: Flame Wave
  3556 | D:4      | Noticed Ijyb
  3561 | D:4      | Paralysed by Ijyb for 6 turns
  3569 | D:4      | Paralysed by Ijyb for 3 turns
  3578 | D:4      | Killed Ijyb
  4067 | D:4      | Found a sparkling altar of Nemelex Xobeh.
  4232 | D:4      | Found a stormy altar of Qazlal.
  4437 | D:5      | Entered Level 5 of the Dungeon
  4477 | D:5      | Noticed a necrophage
  4482 | D:5      | Killed a necrophage
  4483 | D:5      | Reached XP level 6. HP: 33/33 MP: 4/11
  4543 | D:5      | Noticed an ice beast
  4550 | D:5      | Killed an ice beast
  4551 | D:5      | Reached skill level 5 in Fire Magic
  4713 | D:5      | Reached XP level 7. HP: 37/37 MP: 8/13
  4716 | D:5      | Noticed Eustachio
  4840 | D:4      | Killed Eustachio
  4841 | D:4      | Reached skill level 1 in Fighting
  4957 | D:5      | Noticed a wyvern
  4974 | D:5      | Slain by a wyvern

Illustrated notes

Levels and vault maps discovered:
D:1:      onia_arrival_pentagram, layout_loops_ring, serial_shops,
          nicolae_shop_statue_plus, shop, nicolae_shop_overgrown_old_shop,
          nicolae_shop_statue_plus, minmay_misc_feat_diagonals
D:2:      layout_basic, minmay_worlds_worst_comb
D:3:      layout_basic, amcnicky_altar_gilded, nrook_loot_triangle
D:4:      layout_loops_corners, mainiacjoe_overflow_catwalk,
          nemelex_diamond_rough_becter, uniq_ijyb
D:5:      layout_rooms, lemuel_coloured_pillars_altar, uniq_sigmund,
          uniq_eustachio

Skill      XL: |  1  2  3  4  5  6  7 |
---------------+----------------------+-----
Spellcasting   | 3 4 |  4.7
Fire Magic     | 4 5 |  5.4
Conjurations   | 2 3 |  3.7
Fighting       | 1 |  1.0
Dodging        | |  1.9
Stealth        | |  2.1

Action                   |  1- 3 |  4- 6 |  7- 9 || total
-------------------------+-------+-------+-------++-------
Melee: Whip              |     1 |     1 |       ||     2
 Cast: Foxfire           |    45 |    99 |    16 ||   160
       Scorch            |     3 |    12 |     6 ||    21
  Use: Scroll            |     6 |     7 |       ||    13
Armor: Robe              |    10 |    11 |    10 ||    31
Dodge: Dodged            |    17 |     8 |     8 ||    33
Block: Other             |       |     1 |     2 ||     3
       Reflection        |       |     1 |       ||     1
